 Dungeon Crawl Stone Soup version 0.23.2 (webtiles) character file.

Game seed: 8514280208764341782

20 myga the Vexing (level 2, -2/23 HPs)
             Began as a Gnoll Arcane Marksman on Apr 5, 2019.
             Slain by a gnoll
             ... wielding a +0 club
              (7 damage)
             ... on level 1 of the Dungeon.
             The game lasted 00:04:32 (773 turns).

myga the Vexing (Gnoll Arcane Marksman)              Turns: 773, Time: 00:04:34

Health: -2/23      AC:  3    Str: 12    XL:     2   Next: 79%
Magic:  5/5        EV: 14    Int: 15    God:
Gold:   106        SH:  0    Dex: 15    Spells: 3/6 levels left

rFire    . . .     SeeInvis .   a - +0 hand crossbow
rCold    . . .     Gourm    .   (no shield)
rNeg     . . .     Faith    .   e - +0 robe
rPois    .         Spirit   .   (no helmet)
rElec    .         Reflect  .   (no cloak)
rCorr    .         Harm     .   c - +0 pair of gloves (curse)
MR       .....                  (no boots)
Stlth    ++........             (no amulet)
HPRegen  0.07/turn              (no ring)
MPRegen  0.09/turn              (no ring)

@: no status effects
A: distributed training, fangs 1, strong nose
a: no special abilities


You were on level 1 of the Dungeon.
You were hungry.

You visited 1 branch of the dungeon, and saw 1 of its levels.

You collected 106 gold pieces.

Inventory:

Hand Weapons
 a - a +0 hand crossbow (weapon)
 h - a +0 vampiric short sword
Missiles
 d - 32 bolts (quivered)
 j - 17 stones
Armour
 c - a cursed +0 pair of gloves (worn)
 e - a +0 robe (worn)
Scrolls
 k - a scroll of enchant armour {unknown}
 m - a scroll of teleportation {unknown}
Potions
 g - a potion of invisibility {unknown}
 i - a potion of degeneration {unknown}
 l - a potion of curing {unknown}
Comestibles
 b - 2 chunks of flesh
 f - a ration


   Skills:
 + Level 2.5 Fighting
 + Level 0.5 Short Blades
 + Level 0.5 Long Blades
 + Level 0.5 Axes
 + Level 0.5 Maces & Flails
 + Level 0.5 Polearms
 + Level 0.5 Staves
 + Level 0.5 Slings
 + Level 0.5 Bows
 + Level 4.5 Crossbows
 + Level 0.5 Throwing
 + Level 0.5 Armour
 + Level 4.5 Dodging
 + Level 0.5 Stealth
 + Level 0.5 Shields
 + Level 0.5 Unarmed Combat
 + Level 2.7 Spellcasting
 + Level 0.3 Conjurations
 + Level 5.3 Hexes
 + Level 0.3 Charms
 + Level 0.3 Summonings
 + Level 0.3 Necromancy
 + Level 0.3 Translocations
 + Level 0.3 Transmutations
 + Level 0.3 Fire Magic
 + Level 0.3 Ice Magic
 + Level 0.3 Air Magic
 + Level 0.3 Earth Magic
 + Level 0.3 Poison Magic
 + Level 0.6 Invocations
 + Level 0.5 Evocations


You had 3 spell levels left.
You knew the following spells:

 Your Spells              Type           Power        Failure   Level  Hunger
a - Corona                Hex            ###....      2%          1    #......
b - Slow                  Hex            ###.....     3%          2    ##.....

Your spell library contained the following spells:

 Spells                   Type           Power        Failure   Level  Hunger
 Inner Flame              Hex/Fire       ##......     19%         3    ###....
 Portal Projectile        Hex/Tloc       ##....       19%         3    ###....
 Cause Fear               Hex            ###.......   22%         4    #####..
 Leda's Liquefaction      Hex/Erth       ##........   54%         4    #####..


Dungeon Overview and Level Annotations

Branches:
Dungeon (1/15)

Altars:


Innate Abilities, Weirdness & Mutations

Your experience applies equally to all skills.
You have very sharp teeth.
Your uncanny sense of smell can sniff out nearby items.


Message History

Aim: a kobold, wielding a +0 club You shoot a bolt.
The bolt hits the kobold.
The kobold is moderately wounded.
The kobold barely misses you.
Firing (i - inventory. (/) - cycle)
d - 34 bolts (quivered)
Press: ? - help, Shift-Dir - straight line, f/p - kobold
Aim: a kobold, wielding a +0 club (moderately wounded)
You shoot a bolt. The bolt hits the kobold.
You kill the kobold!
The gnoll closely misses you.
Firing (i - inventory. (/) - cycle)
d - 33 bolts (quivered)
Press: ? - help, Shift-Dir - straight line, f - gnoll
Aim: a gnoll, wielding a +0 club You shoot a bolt.
The bolt barely misses the gnoll.
The gnoll hits you with a +0 club.
* * * LOW HITPOINT WARNING * * *
There is an open door here.
You see here a leopard gecko skeleton.
The gnoll hits you with a +0 club!
You die...

#....# #.... #.####
##############.### #.#
#...#..........# #.#
#.<.##########.# #.#
#...##########.# #.#
##'###.......#.# #.#
####'###.......#.### ######.####
##......#.⌠.⌠.⌠.#....
#.........###..g@>..'.......#####
#...................#.......#
#.........###################
#.........# ###.....######
#.........# #.............
######.#############.#####.......
#...............# #.######
################# #.......
########


You could see a gnoll.

Vanquished Creatures
  A leopard gecko (D:1)
  5 bats (D:1)
  A giant cockroach (D:1)
  A goblin (D:1)
  2 hobgoblins (D:1)
  4 kobolds (D:1)
  A ball python (D:1)
  A frilled lizard (D:1)
  2 rats (D:1)
18 creatures vanquished.

Notes
Turn   | Place    | Note
-------+----------+-------------------------------------------
     0 | D:1      | myga the Gnoll Arcane Marksman began the quest for the Orb.
     0 | D:1      | Reached XP level 1. HP: 17/17 MP: 4/4
   172 | D:1      | Reached XP level 2. HP: 23/23 MP: 3/5
   212 | D:1      | Learned a level 2 spell: Slow
   773 | D:1      | Slain by a gnoll

Action                   || total
-------------------------++-------
Melee: Short sword       ||    18
 Fire: Hand crossbow     ||    27
Throw: Stone             ||     2
 Cast: Corona            ||     5
  Eat: Ration            ||     1
Armor: Robe              ||     5
Dodge: Dodged            ||    25
